 Dungeon Crawl Stone Soup version 0.31-a0-819-gf6de2f5ab6 (webtiles) character file.

Game seed: 10913115505186746165

65 randomguy2701 the Firebug (level 4, -5/32 HPs)
             Began as a Gnoll Wanderer on Sept 24, 2023.
             Slain by Terence
             ... wielding a +0 mace
              (9 damage)
             ... on level 3 of the Dungeon.
             The game lasted 00:04:55 (2482 turns).

randomguy2701 the Firebug (Gnoll Wanderer)          Turns: 2482, Time: 00:04:56

Health: -5/32      AC:  7    Str: 13    XL:     4   Next: 13%
Magic:  2/8        EV:  9    Int: 12    God:
Gold:   109        SH:  0    Dex: 11    Spells: 7/8 levels left

rFire   . . .        a - +0 club
rCold   . . .        (no shield)
rNeg    . . .        c - +0 scale mail
rPois   .            (no helmet)
rElec   .            (no cloak)
rCorr   .            (no gloves)
SInv    .            (no boots)
Will    .....        (no amulet) Stlth
                     (no ring)
HPRegen 0.25/turn    (no ring)
MPRegen 0.11/turn

%: no passive effects
@: very slightly contaminated
A: fangs 1, strong nose, distributed training
a: no special abilities


You were on level 3 of the Dungeon.
You visited 1 branch of the dungeon, and saw 3 of its levels.

You collected 109 gold pieces.

Inventory:

Hand Weapons
 a - a +0 club (weapon)
Armour
 c - a +0 scale mail (worn)
Scrolls
 b - a scroll of fear
 d - 3 scrolls of identify {unknown}
 e - 2 scrolls of immolation {unknown}
 h - a scroll of noise {unknown}
 i - a scroll of poison {unknown}
 k - a scroll of revelation {unknown}
 l - 3 scrolls of fog {unknown}
Potions
 f - a potion of brilliance {unknown}
 g - a potion of lignification {unknown}
 j - a potion of curing {unknown}
 m - a potion of mutation {unknown}


   Skills:
 + Level 1.0 Fighting
 + Level 1.0 Short Blades
 + Level 1.0 Long Blades
 + Level 1.0 Axes
 + Level 1.0 Maces & Flails
 + Level 1.0 Polearms
 + Level 1.0 Staves
 + Level 1.0 Ranged Weapons
 + Level 1.0 Throwing
 + Level 4.6 Armour
 + Level 2.7 Dodging
 + Level 1.0 Stealth
 + Level 1.0 Shields
 + Level 1.0 Unarmed Combat
 + Level 2.9 Spellcasting
 + Level 0.8 Conjurations
 + Level 0.8 Hexes
 + Level 0.8 Summonings
 + Level 0.8 Necromancy
 + Level 5.4 Translocations
 + Level 0.8 Transmutations
 + Level 5.4 Fire Magic
 + Level 0.8 Ice Magic
 + Level 0.8 Air Magic
 + Level 0.8 Earth Magic
 + Level 0.8 Poison Magic
 + Level 1.1 Invocations
 + Level 1.0 Evocations
 + Level 1.0 Shapeshifting


You had 7 spell levels left.
You knew the following spells:

 Your Spells              Type           Power      Damage    Failure   Level
a - Foxfire               Conj/Fire      36%        2x1d5     28%         1

Your spell library contained the following spells:

 Spells                   Type           Power      Damage    Failure   Level
 Apportation              Tloc           28%        N/A       11%         1
 Volatile Blastmotes      Fire/Tloc      28%        2d12      32%         3
 Slow                     Hex            12%        N/A       58%         1
 Inner Flame              Hex/Fire       9%         N/A       65%         3
 Confusing Touch          Hex            3%         N/A       92%         3
 Sigil of Binding         Hex            3%         N/A       92%         3
 Vampiric Draining        Necr           3%         2d6       92%         3


Dungeon Overview and Level Annotations

Branches:
Dungeon (3/15)

Altars:
Trog

Annotations:
D:3 Terence


Innate Abilities, Weirdness & Mutations

You have very sharp teeth.
Your uncanny sense of smell can sniff out nearby items.
Your experience applies equally to all skills.


Message History

Casting: Foxfire (safe; 28% risk of failure)
Confirm with . or Enter, or press ? or * to list all spells.
You conjure some foxfire!
Terence hits you with a +0 mace.
The foxfire hits Terence.
Terence is heavily wounded.
Terence hits you but does no damage. Terence misses you.
Your magical contamination has completely faded away.
Casting: Foxfire (safe; 28% risk of failure)
Confirm with . or Enter, or press ? or * to list all spells.
You conjure some foxfire!
Terence hits you with a +0 mace!
The foxfire hits Terence but does no damage.
Terence is heavily wounded.
Your foxfire dissipates!
Terence barely misses you.
Casting: Foxfire (safe; 28% risk of failure)
Confirm with . or Enter, or press ? or * to list all spells.
You conjure some foxfire!
Terence hits you with a +0 mace.
Your foxfire dissipates!
The foxfire hits Terence but does no damage.
Terence is heavily wounded.
The foxfire hits Terence but does no damage.
Terence is heavily wounded.
Terence closely misses you.
Casting: Foxfire (safe; 28% risk of failure)
Confirm with . or Enter, or press ? or * to list all spells.
You miscast Foxfire.
You are very lightly contaminated with residual magic.
Nothing appears to happen.
Terence hits you with a +0 mace. Terence hits you with a +0 mace!
* * * LOW HITPOINT WARNING * * *
Casting: Foxfire (safe; 28% risk of failure)
Confirm with . or Enter, or press ? or * to list all spells.
You conjure some foxfire!
Terence barely misses you.
The foxfire hits Terence.
Terence is severely wounded.
You hit Terence but do no damage.
Terence is severely wounded.
Terence hits you with a +0 mace!
You die...

.#.# #.. .#.## #.. ##
... #.. ..# ... #####..
_).# #.# ....... ....#
#.# ### ####### #...#
#.#####~≈####..##
#...####...8#.~≈.##.##.#
#...#@@.#..#.~~.#.##.##
#....###.##.~~..###.##
##...# #.##.~~.##.#.##
##..# #.##.~~†##)##.# ∆
#### #.8#.~≈.#.###.#
#.[#.≈~.#.###.#
#.##.~~.##.#.##
#.##.~~.###.###
#.##.~~.# ##†##


You could see Terence.

Vanquished Creatures
  2 adders
  A worm (D:2)
  2 orcs (D:3)
  3 endoplasms
  3 giant cockroaches
  5 goblins
  6 hobgoblins
  2 quokkas (D:3)
  3 ball pythons
  2 bats (D:3)
  A frilled lizard (D:2)
  5 kobolds
  4 rats
39 creatures vanquished.

Vanquished Creatures (others)
  93 foxfires
93 creatures vanquished.

Grand Total: 132 creatures vanquished

Notes
Turn   | Place    | Note
-------+----------+-------------------------------------------
     0 | D:1      | randomguy2701 the Gnoll Wanderer began the quest for the
                  | Orb.
     0 | D:1      | randomguy2701 set off with the following items: a +0 club,
                  | a scroll of fear, a +0 scale mail; and the following spells
                  | available to memorise: Apportation, Foxfire, Volatile
                  | Blastmotes, Inner Flame.
     0 | D:1      | Reached XP level 1. HP: 13/13 MP: 4/4
     2 | D:1      | Learned a level 1 spell: Foxfire
   320 | D:1      | Reached XP level 2. HP: 19/19 MP: 1/5
  1339 | D:2      | Reached XP level 3. HP: 25/25 MP: 2/7
  1580 | D:2      | Reached skill level 1 in Invocations
  2218 | D:3      | Reached skill level 1 in Fighting
  2218 | D:3      | Reached skill level 1 in Short Blades
  2218 | D:3      | Reached skill level 1 in Long Blades
  2218 | D:3      | Reached skill level 1 in Axes
  2218 | D:3      | Reached skill level 1 in Maces & Flails
  2218 | D:3      | Reached skill level 1 in Polearms
  2218 | D:3      | Reached skill level 1 in Staves
  2218 | D:3      | Reached skill level 1 in Ranged Weapons
  2218 | D:3      | Reached skill level 1 in Throwing
  2218 | D:3      | Reached skill level 1 in Stealth
  2218 | D:3      | Reached skill level 1 in Shields
  2218 | D:3      | Reached skill level 1 in Unarmed Combat
  2218 | D:3      | Reached skill level 1 in Evocations
  2269 | D:3      | Reached XP level 4. HP: 26/32 MP: 8/8
  2334 | D:3      | Reached skill level 1 in Shapeshifting
  2463 | D:3      | Noticed Terence
  2464 | D:3      | Found a bloodstained altar of Trog.
  2482 | D:3      | Slain by Terence

Illustrated notes

Levels and vault maps discovered:
D:1:      kennysheep_arrival_forest, layout_basic
D:2:      layout_basic
D:3:      wad_river_or_something, layout_basic, old_standard_altar,
          lemuel_crystal_altar, nzn_overflow_gifts_of_might_and_magic,
          minivault_11

Skill      XL: |  1  2  3  4 |
---------------+-------------+-----
Invocations    | 1 |  1.1
Fighting       | 1 |  1.0
Short Blades   | 1 |  1.0
Long Blades    | 1 |  1.0
Axes           | 1 |  1.0
Maces & Flails | 1 |  1.0
Polearms       | 1 |  1.0
Staves         | 1 |  1.0
Ranged Weapons | 1 |  1.0
Throwing       | 1 |  1.0
Stealth        | 1 |  1.0
Shields        | 1 |  1.0
Unarmed Combat | 1 |  1.0
Evocations     | 1 |  1.0
Shapeshifting  | 1 |  1.0
Armour         | |  4.6
Dodging        | |  2.7
Spellcasting   | |  2.9
Conjurations   | |  0.8
Hexes          | |  0.8
Summonings     | |  0.8
Necromancy     | |  0.8
Translocations | |  5.4
Transmutations | |  0.8
Fire Magic     | |  5.4
Ice Magic      | |  0.8
Air Magic      | |  0.8
Earth Magic    | |  0.8
Poison Magic   | |  0.8

Action                     |  1- 3 |  4- 6 || total
---------------------------+-------+-------++-------
  Melee: Club              |    55 |    10 ||    65
         Bite              |     3 |     1 ||     4
         Punch             |     1 |       ||     1
   Cast: Foxfire           |    52 |    12 ||    64
 Armour: Scale mail        |    76 |    26 ||   102
  Dodge: Dodged            |    49 |     8 ||    57

Table legend: (Time is in decaauts)
 A = Elapsed time spent in this place.
 B = Non-inter-level travel time spent in this place.
 C = Inter-level travel time spent in this place.
 D = Time resting spent in this place.
 E = Time spent auto-exploring this place.
 F = Levels seen in this place.
 G = Mean time per level.
                   A        B        C        D        E       F      G
               +--------+--------+--------+--------+--------+-----+--------+
         Total |   2499 |   2443 |     56 |      0 |   2080 |   3 |  833.0 |
       Dungeon |   2499 |   2443 |     56 |      0 |   2080 |   3 |  833.0 |
               +--------+--------+--------+--------+--------+-----+--------+

Top non-repeatable levels by time:
     D:2: 1011 daAuts
     D:1: 956 daAuts
     D:3: 531 daAuts
